 Dungeon Crawl Stone Soup version 0.30.0-5-g1a98f26d00 (webtiles) character file.

Game seed: 17026266635520800816

133 Jackthecabe the Shooter (level 4, -2/32 HPs)
             Began as a Demonspawn Hexslinger on May 9, 2023.
             Killed from afar by an orc wizard (8 damage)
             ... with a puff of flame
             ... on level 4 of the Dungeon.
             The game lasted 00:08:09 (2702 turns).

Jackthecabe the Shooter (Demonspawn Hexslinger)     Turns: 2702, Time: 00:08:10

Health: -2/32      AC:  4    Str: 10    XL:     4   Next: 94%
Magic:  4/5        EV: 12    Int: 14    God:
Gold:   191        SH:  4    Dex: 16    Spells: 4/5 levels left

rFire   . . .        b - +0 dagger (drain)
rCold   . . .        (no shield)
rNeg    . . .        c - +0 robe
rPois   .            (no helmet)
rElec   .            (no cloak)
rCorr   .            s - +1 pair of gloves
SInv    .            (no boots)
Will    .....        (no amulet)
Stlth   +            (no ring)
HPRegen 0.25/turn    (no ring)
MPRegen 0.09/turn

%: no passive effects
@: no status effects
A: large bone plates 1, powered by pain 2
a: no special abilities


You were on level 4 of the Dungeon.
You visited 1 branch of the dungeon, and saw 4 of its levels.

You collected 191 gold pieces.


Innate Abilities, Weirdness & Mutations

You are partially covered in large bone plates. (SH +4)
You sometimes gain power by taking damage.


   Skills:
 - Level 1.0 Fighting
 + Level 4.7 Ranged Weapons
 - Level 1.7 Dodging
 - Level 1.0 Spellcasting
 - Level 3.0 Hexes


You had 4 spell levels left.
You knew the following spells:

 Your Spells              Type           Power      Damage    Failure   Level
s - Slow                  Hex            36%        N/A       8%          1

Your spell library contained the following spells:

 Spells                   Type           Power      Damage    Failure   Level
 Confusing Touch          Hex            9%         N/A       22%         3
 Inner Flame              Hex/Fire       4%         N/A       38%         3
 Portal Projectile        Hex/Tloc       8%         N/A       38%         3
 Cause Fear               Hex            4%         N/A       58%         4
 Ignite Poison            Fire/Tmut/Pois 0%         N/A       61%         3
 Vampiric Draining        Necr           0%         2d6       61%         3
 Sticky Flame             Conj/Fire      0%         2d3       95%         4
 Ignition                 Fire           0%         3d3       100%        8

Inventory:

Hand Weapons
 a - a +1 sling
 b - a +0 dagger of draining (weapon)
 v - a +0 short sword
Armour
 c - a +0 robe (worn)
 s - a +1 pair of gloves (worn)
Jewellery
 F - a ring of fire
Wands
 l - a wand of charming (14)
Scrolls
 d - a scroll of poison
 e - a scroll of fear {unknown}
 f - 3 scrolls of identify {unknown}
 g - a scroll of noise {unknown}
 i - 2 scrolls of enchant weapon {unknown}
 m - 3 scrolls of immolation {unknown}
 n - 3 scrolls of teleportation {unknown}
 r - a scroll of enchant armour {unknown}
 t - a scroll of summoning {unknown}
 w - a scroll of brand weapon {unknown}
 x - a scroll of magic mapping {unknown}
 y - a scroll of fog {unknown}
Potions
 h - a potion of resistance {unknown}
 j - a potion of haste {unknown}
 k - a potion of ambrosia {unknown}
 o - a potion of curing {unknown}
 p - a potion of brilliance {unknown}
 q - a potion of magic {unknown}
 u - a potion of degeneration {unknown}

Dungeon Overview and Level Annotations

Branches:
Dungeon (4/15)
 Temple: D:4-7

Altars:
Dithmenos
Nemelex Xobeh

Annotations:
D:3 Grinder

#..........
#..........
#########..........
#..................
#..................
#..................
#..............†...
#..................
#.@................
#.{............))..
#......)........###
###########.....# #
#.....# # #.....###
##....... #.......
#.......


There were no monsters in sight!


Message History

You barely miss the orc wizard.
The orc wizard is moderately wounded.
The orc wizard hits you with a +0 dagger.
* * * LOW HITPOINT WARNING * * *
You hit the orc wizard but do no damage.
You drain the orc wizard.
The orc wizard is heavily wounded.
The orc wizard completely misses you.
You hit the orc wizard but do no damage.
The orc wizard is heavily wounded.
The orc wizard completely misses you.
You barely miss the orc wizard.
The orc wizard is heavily wounded.
The orc wizard points at you and mumbles some strange words.
The magic dart hits you!
* * * LOW HITPOINT WARNING * * *
You hit the orc wizard but do no damage.
The orc wizard is heavily wounded.
The orc wizard casts a spell.
The orc wizard flickers and vanishes!
Deactivating autopickup; reactivate with Ctrl-A.
Casting: Slow (safe; 8% risk of failure)
Confirm with . or Enter, or press ? or * to list all spells.
Aiming: Slow (safe; 8% risk of failure)
Press: ? - help, Shift-Dir - straight line Nothing appears to happen.
You hear some strange, mumbled words.
A puff of flame appears from out of thin air!
The puff of flame hits you!
You die...

Skill      XL: |  1  2  3 |
---------------+----------+-----
Ranged Weapons | 2 3 4 |  4.7
Fighting       | |  1.0
Dodging        | |  1.7
Spellcasting   | |  1.0
Hexes          | |  3.0

Action                     |  1- 3 |  4- 6 || total
---------------------------+-------+-------++-------
  Melee: Short sword       |    32 |    21 ||    53
         Dagger            |       |    38 ||    38
         Punch             |       |     1 ||     1
   Fire: Sling             |   115 |    39 ||   154
   Cast: Slow              |     6 |     4 ||    10
 Armour: Robe              |     6 |    12 ||    18
  Dodge: Dodged            |    24 |    41 ||    65
  Block: Other             |     4 |    11 ||    15

Levels and vault maps discovered:
D:1:      psy_arrival_fountain, layout_basic,
          hellmonk_ecumenical_altar_dog_temple, minmay_misc_feat_hallway
D:2:      layout_basic, basic_altar
D:3:      layout_loops_ring, uniq_grinder
D:4:      layout_basic, nicolae_dithmenos_the_darkroom

Notes
Turn   | Place    | Note
-------+----------+-------------------------------------------
     0 | D:1      | Jackthecabe the Demonspawn Hexslinger began the quest for
                  | the Orb.
     0 | D:1      | Reached XP level 1. HP: 15/15 MP: 2/2
    40 | D:1      | Reached skill level 2 in Ranged Weapons
   175 | D:1      | Gained mutation: You sometimes gain a little power by
                  | taking damage. [demonic ancestry]
   175 | D:1      | Reached XP level 2. HP: 21/21 MP: 3/3
   225 | D:1      | Reached skill level 3 in Ranged Weapons
   368 | D:1      | Found a faded altar of an unknown god.
   436 | D:1      | Gained mutation: You are partially covered in large bone
                  | plates. (SH +4) [demonic ancestry]
   436 | D:1      | Reached XP level 3. HP: 26/26 MP: 4/4
  1164 | D:2      | Found a sparkling altar of Nemelex Xobeh.
  1602 | D:3      | Identified the +3 ring mail "Ikatsob" {Contam Fly rF-
                  | Int+4}
  1647 | D:3      | Reached skill level 4 in Ranged Weapons
  1647 | D:3      | Gained mutation: You sometimes gain power by taking damage.
                  | [demonic ancestry]
  1647 | D:3      | Reached XP level 4. HP: 12/32 MP: 2/5
  1751 | D:3      | Noticed Grinder
  2046 | D:3      | Paralysed by Grinder for 5 turns
  2381 | D:4      | Found a shadowy altar of Dithmenos.
  2702 | D:4      | Killed from afar by an orc wizard

Vanquished Creatures
  A gnoll (D:1)
  6 adders
  2 worms
  2 dart slugs (D:1)
  3 orcs
  9 ball pythons
  2 bats
  2 endoplasms
  3 giant cockroaches
  6 goblins
  4 hobgoblins
  2 jackals (D:1)
  4 kobolds
  2 quokkas
  3 frilled lizards
  5 rats
56 creatures vanquished.

Table legend: (Time is in decaauts)
 A = Elapsed time spent in this place.
 B = Non-inter-level travel time spent in this place.
 C = Inter-level travel time spent in this place.
 D = Time resting spent in this place.
 E = Time spent auto-exploring this place.
 F = Levels seen in this place.
 G = Mean time per level.
                   A        B        C        D        E       F      G
               +--------+--------+--------+--------+--------+-----+--------+
         Total |   2720 |   2482 |    238 |     79 |   1549 |   4 |  680.0 |
       Dungeon |   2720 |   2482 |    238 |     79 |   1549 |   4 |  680.0 |
               +--------+--------+--------+--------+--------+-----+--------+

Top non-repeatable levels by time:
     D:2: 889 daAuts
     D:3: 870 daAuts
     D:1: 604 daAuts
     D:4: 355 daAuts

Table legend:
 A = Non-vault XP
 B = Vault XP
 C = Vault XP percentage of total XP
 D = Non-vault monster count
 E = Vault monster count
 F = Vault count percentage of total count
                 A         B        C        D         E       F
            +---------+---------+-------+---------+---------+-------
      Total |     187 |       4 |   2.1 |      54 |       2 |   3.6
            +---------+---------+-------+---------+---------+-------
        D:1 |      45 |       4 |   8.2 |      17 |       2 |  10.5
        D:2 |      33 |       0 |   0.0 |      14 |       0 |   0.0
        D:3 |      45 |       0 |   0.0 |      10 |       0 |   0.0
        D:4 |      64 |       0 |   0.0 |      13 |       0 |   0.0
            +---------+---------+-------+---------+---------+-------
